 Dungeon Crawl Stone Soup version 0.28-a0-529-g3bad584f25 (webtiles) character file.

Game seed: 3281846452571714267

242 shoop the Firebug (level 6, -1/53 HPs)
             Began as an Ogre Fire Elementalist on Sept 24, 2021.
             Slain by a gnoll (15 damage)
             ... on level 4 of the Dungeon.
             The game lasted 00:08:09 (4193 turns).

shoop the Firebug (Ogre Fire Elementalist)          Turns: 4193, Time: 00:08:10

Health: -1/53      AC:  3    Str: 13    XL:     6   Next: 9%
Magic:  1/10       EV: 10    Int: 18    God:
Gold:   266        SH:  0    Dex:  9    Spells: 8/11 levels left

rFire   . . .      SeeInvis .   l - +1 lajatang (pain)
rCold   + . .      Faith    .   (shield currently unavailable)
rNeg    . . .      Spirit   .   a - +0 robe
rPois   .          Reflect  .   (helmet restricted)
rElec   .          Harm     .   (no cloak)
rCorr   .          Rampage  .   (gloves unavailable)
Will    .....                   (boots unavailable)
Stlth   ++........              (no amulet)
HPRegen 0.17/turn               n - ring of protection from cold
MPRegen 0.12/turn               (no ring)

@: no status effects
A: large, unfitting armour, tough skin 1
a: no special abilities


You were on level 4 of the Dungeon.
You visited 1 branch of the dungeon, and saw 4 of its levels.

You collected 266 gold pieces.

Inventory:

Hand Weapons
 d - a +0 whip
 l - a +1 lajatang of pain (weapon)
Missiles
 e - 55 poisoned darts
 p - 6 javelins
Armour
 a - a +0 robe (worn)
Jewellery
 n - a ring of protection from cold (left hand)
Scrolls
 b - 2 scrolls of identify {unknown}
 c - 3 scrolls of teleportation {unknown}
 h - a scroll of immolation {unknown}
 i - a scroll of enchant armour {unknown}
 j - a scroll of noise {unknown}
 k - a scroll of vulnerability {unknown}
 m - a scroll of amnesia {unknown}
Potions
 f - 2 potions of mutation {unknown}
 g - a potion of might {unknown}
 o - a potion of curing {unknown}


   Skills:
 - Level 2.0 Dodging
 - Level 2.0 Stealth
 - Level 3.0 Spellcasting
 - Level 1.0 Conjurations
 * Level 5.5 Fire Magic


You had 8 spell levels left.
You knew the following spells:

 Your Spells              Type           Power      Damage    Failure   Level
a - Foxfire               Conj/Fire      56%        2x1d6     4%          1
b - Scorch                Fire           44%        2d7       2%          2

Your spell library contained the following spells:

 Spells                   Type           Power      Damage    Failure   Level
 Conjure Flame            Conj/Fire      14%        6-21      13%         3
 Sandblast                Erth           4%         2d4       16%         1
 Inner Flame              Hex/Fire       12%        N/A       16%         3
 Passwall                 Tmut/Erth      1%         N/A       24%         2
 Stone Arrow              Conj/Erth      8%         3d7       36%         3
 Flame Wave               Conj/Fire      14%        3d5       38%         4
 Gell's Gravitas          Tloc           1%         N/A       43%         3
 Lesser Beckoning         Tloc           2%         N/A       43%         3
 Teleport Other           Tloc           2%         N/A       43%         3
 Summon Cactus Giant      Summ           1%         N/A       100%        6


Dungeon Overview and Level Annotations

Branches:
Dungeon (4/15)
 Temple: D:4-7

Altars:
Xom


Innate Abilities, Weirdness & Mutations

You are too large for most types of armour.
You have tough skin. (AC +1)


Message History

The foxfire hits the jackal.
The jackal is heavily wounded.
The foxfire hits the jackal but does no damage.
The jackal is heavily wounded.
You closely miss the jackal.
The jackal is heavily wounded.
The jackal barely misses you.
The jackal bites you but does no damage.
You barely miss the jackal.
The jackal is heavily wounded.
The jackal bites you.
The gnoll hits you from afar with a +0 spear.
The jackal barely misses you.
The jackal bites you but does no damage.
Casting: Foxfire (safe; 4% risk of failure)
Confirm with . or Enter, or press ? or * to list all spells.
You conjure some foxfire!
The gnoll hits you from afar with a +0 spear.
The jackal barely misses you.
Your magical contamination has completely faded away.
The foxfire hits the gnoll but does no damage.
The foxfire hits the gnoll.
The gnoll is lightly wounded.
Casting: Foxfire (safe; 4% risk of failure)
Confirm with . or Enter, or press ? or * to list all spells.
You conjure some foxfire!
The jackal bites you but does no damage.
The gnoll barely misses you. x2
The gnoll hits you from afar with a +0 spear.
The jackal barely misses you.
The foxfire hits the gnoll.
The gnoll is moderately wounded.
You slash the jackal!
You kill the jackal!
The gnoll hits you from afar with a +0 spear.
The gnoll hits you with a +0 halberd! The gnoll hits you with a +0 whip.
* * * LOW HITPOINT WARNING * * *
The gnoll misses you. The gnoll hits you with a +0 halberd!
You die...

.. ##....P≈≈≈≈......
.# #......≈≈≈≈......
..
###...#..≈≈.≈......
..
###.#...#.≈P≈≈≈..#...
..
#.......#..≈≈≈≈......
###.....#..≈≈≈≈P....#
##.....#.P≈≈≈≈≈...##
##..g.#.#.≈≈≈≈P≈.....
#...@.#...≈≈≈≈≈≈.#...
##.g###....≈P≈≈≈...##
#..g§......≈≈≈≈≈....#
#...##.....P≈≈≈≈.....
## #....#
...P.≈≈≈#.##..
#..##....# #.≈#≈≈
#.....
.........##....#≈
#.....
...............#
#.##..
.........|....##
#..#..


You could see 3 gnolls.

Vanquished Creatures
  A bullfrog skeleton (D:4)
  A hound (D:4)
  Jessica (D:3)
  An orc wizard (D:4)
  3 hound skeletons (D:4)
  An adder (D:3)
  4 dart slugs
  8 orcs
  11 endoplasms
  3 giant cockroaches
  4 goblins
  5 hobgoblins
  2 jackals (D:4)
  3 quokkas
  6 ball pythons
  4 bats
  6 kobolds
  6 rats
70 creatures vanquished.

Vanquished Creatures (others)
  230 foxfires
  4 plants (D:4)
234 creatures vanquished.

Grand Total: 304 creatures vanquished

Notes
Turn   | Place    | Note
-------+----------+-------------------------------------------
     0 | D:1      | shoop the Ogre Fire Elementalist began the quest for the
                  | Orb.
     0 | D:1      | Reached XP level 1. HP: 16/16 MP: 3/3
   134 | D:1      | Reached skill level 1 in Conjurations
   271 | D:1      | Reached XP level 2. HP: 24/24 MP: 3/5
   380 | D:1      | Reached skill level 3 in Fire Magic
  1018 | D:1      | Reached XP level 3. HP: 31/31 MP: 4/7
  1772 | D:1      | Learned a level 2 spell: Scorch
  2152 | D:2      | Found a faded altar of an unknown god.
  2670 | D:3      | Reached XP level 4. HP: 35/39 MP: 1/8
  2756 | D:3      | Found a shimmering altar of Xom.
  3016 | D:3      | Noticed Jessica
  3029 | D:3      | Killed Jessica
  3030 | D:3      | Reached skill level 4 in Fire Magic
  3467 | D:4      | Reached XP level 5. HP: 45/45 MP: 6/9
  3781 | D:4      | Reached skill level 5 in Fire Magic
  4167 | D:4      | Reached XP level 6. HP: 48/53 MP: 5/10
  4193 | D:4      | Slain by a gnoll

Illustrated notes

Levels and vault maps discovered:
D:1:      psy_arrival_conway, layout_basic
D:2:      layout_basic, chequers_ecumenical_altar_simple_redux
D:3:      layout_rooms, mainiacjoe_overflow_boulevard, minmay_splitting_lines,
          uniq_jessica
D:4:      layout_cave_pools, chequers_big_river, minmay_misc_feat_plants,
          grunt_decor_resistance

Skill      XL: |  1  2  3  4  5 |
---------------+----------------+-----
Conjurations   | 1 |  1.0
Fire Magic     | 3 4 5 |  5.5
Dodging        | 2 |  2.0
Spellcasting   | 3 |  3.0
Stealth        | 2 |  2.0

Action                   |  1- 3 |  4- 6 || total
-------------------------+-------+-------++-------
Melee: Whip              |    11 |     4 ||    15
       Lajatang          |       |    27 ||    27
 Cast: Foxfire           |    78 |    69 ||   147
       Scorch            |     1 |     2 ||     3
Armor: Robe              |    13 |     9 ||    22
Dodge: Dodged            |    11 |    35 ||    46

Table legend: (Time is in decaauts)
 A = Elapsed time spent in this place.
 B = Non-inter-level travel time spent in this place.
 C = Inter-level travel time spent in this place.
 D = Time resting spent in this place.
 E = Time spent auto-exploring this place.
 F = Levels seen in this place.
 G = Mean time per level.
                   A        B        C        D        E       F      G
               +--------+--------+--------+--------+--------+-----+--------+
         Total |   4209 |   4134 |     75 |      5 |   3590 |   4 | 1052.2 |
       Dungeon |   4209 |   4134 |     75 |      5 |   3590 |   4 | 1052.2 |
               +--------+--------+--------+--------+--------+-----+--------+

Top non-repeatable levels by time:
     D:1: 1800 daAuts
     D:2: 846 daAuts
     D:3: 819 daAuts
     D:4: 742 daAuts
